 Dungeon Crawl Stone Soup version 0.28-a0-1506-g3893175d92 (console) character file.

Game seed: 18233760488020347647

8 tirquin the Skirmisher (level 2, -1/29 HPs)
             Began as a Hill Orc Fighter on Jan 14, 2022.
             Slain by a jackal (3 damage)
             ... on level 1 of the Dungeon.
             The game lasted 00:03:39 (323 turns).

tirquin the Skirmisher (Hill Orc Fighter)            Turns: 323, Time: 00:03:39

Health: -1/29      AC:  6    Str: 18    XL:     2   Next: 8%
Magic:  2/2        EV:  9    Int:  8    God:
Gold:   30         SH:  4    Dex: 10    Spells: 1/1 levels left

rFire   . . .      SeeInvis .   a - +0 rapier
rCold   . . .      Faith    .   c - +0 buckler
rNeg    . . .      Spirit   .   b - +0 scale mail
rPois   .          Reflect  .   (no helmet)
rElec   .          Harm     .   (no cloak)
rCorr   .          Rampage  .   (no gloves)
Will    .....      Rnd*Tele +   (no boots)
Stlth   ..........              (no amulet)
HPRegen 0.09/turn               (no ring)
MPRegen 0.08/turn               (no ring)

@: no status effects
A: robust 1, teleportitis 1, subdued magic 1
a: no special abilities


You were on level 1 of the Dungeon.
You visited 1 branch of the dungeon, and saw 1 of its levels.

You collected 30 gold pieces.

Inventory:

Hand Weapons
 a - a +0 rapier (weapon)
Armour
 b - a +0 scale mail (worn)
 c - a +0 buckler (worn)
Scrolls
 e - a scroll of teleportation {unknown}
 f - a scroll of identify {unknown}
Potions
 d - a potion of might


   Skills:
 + Level 3.9 Fighting
 + Level 2.2 Short Blades
 + Level 3.4 Armour
 + Level 3.4 Shields


You had one spell level left.
You didn't know any spells.
Your spell library was empty.

Dungeon Overview and Level Annotations

Branches:
Dungeon (1/15)

Altars:


Innate Abilities, Weirdness & Mutations

You are robust. (+10% HP)
You are occasionally teleported next to monsters.
Your spells are a little easier to cast, but a little less powerful.


Message History

The ball python bites you but does no damage.
The ball python constricts you.
The jackal bites you but does no damage.
You hit the jackal but do no damage.
The jackal is heavily wounded.
The jackal bites you. x2; You block the jackal's attack.
The ball python bites you but does no damage.
The ball python constricts you.
The jackal bites you but does no damage. x3
You hit the jackal.
The jackal is almost dead.
The ball python bites you. The ball python constricts you.
The jackal bites you. The jackal barely misses you. The jackal bites you.
The ball python completely misses you. The ball python constricts you.
* * * LOW HITPOINT WARNING * * *
The jackal bites you.
* * * LOW HITPOINT WARNING * * *
You hit the jackal.
You kill the jackal!
You block the jackal's attack.
The jackal bites you but does no damage.
The ball python bites you but does no damage.
The ball python constricts you. The jackal barely misses you.
You have reached level 2!
Unknown command.
You puncture the jackal!
You kill the jackal!
The jackal bites you but does no damage. x2
You block the ball python's attack. The ball python constricts you.
The jackal bites you but does no damage.
The jackal barely misses you.
You escape the ball python's grasp.
The jackal bites you.
* * * LOW HITPOINT WARNING * * *
The jackal bites you but does no damage.
There is a stone staircase leading down, spattered with blood here.
You closely miss the ball python. The jackal barely misses you.
The jackal bites you but does no damage.
The ball python bites you.
* * * LOW HITPOINT WARNING * * *
The ball python barely misses you. The jackal bites you.
You die...

#......#..# #.##.#....#
#..#.##.### ##.#..#...#
#..##.###.# #####
########..## #....###
#...#....... #....#
###.#.##.##### . #..#.#
#...#.##÷###
....#..#h###.###.#....#
#....†S@..#.# #.#..#.#
....#.##h#.#.###....#.#
.#...#...#...#....†.#.#
#.#.###.#####.##...#.#
.. h. #.......##...#.#
. ##...#####.#.#.#
#...).....#...#
#...#####.##### ####.#
#.# #....# ### #.####
#.#


You could see 2 jackals and a ball python.

Vanquished Creatures
  A ball python (D:1)
  A bat (D:1)
  A goblin (D:1)
  A hobgoblin (D:1)
  2 jackals (D:1)
6 creatures vanquished.

Notes
Turn   | Place    | Note
-------+----------+-------------------------------------------
     0 | D:1      | tirquin the Hill Orc Fighter began the quest for the Orb.
     0 | D:1      | Reached XP level 1. HP: 19/19 MP: 1/1
   136 | D:1      | Gained mutation: Your spells are a little easier to cast,
                  | but a little less powerful. [potion of mutation]
   136 | D:1      | Gained mutation: You are occasionally teleported next to
                  | monsters. [potion of mutation]
   136 | D:1      | Gained mutation: You are robust. (+10% HP) [potion of
                  | mutation]
   273 | D:1      | help
   321 | D:1      | Reached XP level 2. HP: 4/29 MP: 2/2
   323 | D:1      | Slain by a jackal

Illustrated notes

..#.........#
#.##.######.#
#.##†### # #.#....#
. .> #.#..#.# #.##.
###....#.# ...
#....†.# #
#.#####.##...#
#.......##...#
##...#####.#.#
#...)..@..#...
#...#####.#####
####.# #.# #....#
### #.#### #.#
#####.# #.#
#####..)..# #.#
#.....##### #.#
#.###.############.#
#. #..............#
#.####.###########.#


Turn 273 on D:1: help

Levels and vault maps discovered:
D:1:      psy_arrival_radial01, layout_basic

Action                   || total
-------------------------++-------
Melee: Rapier            ||    27
  Use: Potion            ||     1
Armor: Scale mail        ||    37
Dodge: Dodged            ||    21
Block: Buckler           ||    16

Table legend: (Time is in decaauts)
 A = Elapsed time spent in this place.
 B = Non-inter-level travel time spent in this place.
 C = Inter-level travel time spent in this place.
 D = Time resting spent in this place.
 E = Time spent auto-exploring this place.
 F = Levels seen in this place.
 G = Mean time per level.
                   A        B        C        D        E       F      G
               +--------+--------+--------+--------+--------+-----+--------+
         Total |    327 |    327 |      0 |      0 |     33 |   1 |  327.0 |
       Dungeon |    327 |    327 |      0 |      0 |     33 |   1 |  327.0 |
               +--------+--------+--------+--------+--------+-----+--------+

Top non-repeatable levels by time:
     D:1: 327 daAuts
